AoeStats
← txddynXD

Arena

508977930Analyzed
1v1 RM · 8d ago on Sep 24, 2026· 53m 9s· 2 players
Game mode
Random Map
Map size
Tiny (2 player)
Population
200
Speed
Normal
Resources
Standard
Victory
Conquest
Starting age
Dark Age
Ending age
Imperial Age
RankedLock teamsTeams togetherTeam positionsShared explorationLock speedFull tech treeHidden civsTurbo modeCheats
Victory
Defeat
🇨🇴 Burgundians · Colombia
355
+12
🇧🇷 Franks · Brazil
273
-12
txddynXD
7:25 Loom
10:15 Feudal Age
11:20 Double-Bit Axe
13:07 Wheelbarrow
17:08 Gold Mining
17:50 Stone Mining
18:06 Town Watch
21:57 Castle Age
20:00 Fletching
23:09 Hand Cart
23:08 Bow Saw
23:37 Gold Shaft Mining
23:17 Forging
23:08 Scale Mail Armor
28:39 Town Patrol
28:41 Bodkin Arrow
29:22 Iron Casting
29:03 Chain Mail Armor
28:54 Scale Barding Armor
31:04 Squires
30:49 Arson
30:25 Pikeman
35:33 Ordonnance Companies
39:28 Husbandry
42:29 Chain Barding Armor
45:03 Imperial Age
46:21 Masonry
45:51 Treadmill Crane
46:17 Siege Engineers
46:08 Murder Holes
46:24 Fortified Wall
46:04 Guard Tower
46:36 Ballistics
47:07 Conscription
48:11 Cavalier
52:02 Hoardings
52:22 Plate Barding Armor
52:17 Plate Mail Armor
52:48 Blast Furnace
51:52 Chivalry
51:14 Elite Throwing Axeman
52:30 Onager
fabiandiazg
6:01 Double-Bit Axe
7:34 Loom
8:25 Horse Collar
14:07 Feudal Age
13:33 Gold Mining
15:24 Man-at-Arms
18:40 Heavy Plow
19:20 Gold Shaft Mining
18:36 Stone Mining
20:45 Wheelbarrow
20:29 Bow Saw
25:24 Castle Age
25:09 Stone Shaft Mining
24:56 Scale Barding Armor
24:52 Padded Archer Armor
25:53 Forging
25:44 Scale Mail Armor
27:14 Cavalier
30:26 Hand Cart
32:39 Iron Casting
32:20 Chain Mail Armor
32:45 Crop Rotation
33:38 Two-Man Saw
37:51 Imperial Age
37:17 Burgundian Vineyards
36:37 Crossbowman
38:02 Paladin
38:43 Husbandry
38:40 Fletching
40:48 Blast Furnace
42:11 Chemistry
41:32 Ballistics
40:50 Long Swordsman
48:27 Plate Mail Armor
48:17 Chain Barding Armor
47:54 Bodkin Arrow
48:14 Leather Archer Armor
48:19 Pikeman
Connection lost

Rejoining the realm…

Still unreachable

The connection could not be restored.

Session expired

The server has moved on; the page needs a fresh start.